 Dungeon Crawl Stone Soup version 0.29.0-13-gc9e81de378 (webtiles) character file.

Game seed: 7837314720410372377

36 masschaos23 the Poker (level 3, 0/29 HPs)
             Began as a Human Chaos Knight on Sept 7, 2022.
             Was a Plaything of Xom.
             Slain by a worm (4 damage)
             ... on level 2 of the Dungeon.
             The game lasted 00:03:38 (1093 turns).

masschaos23 the Poker (Human Chaos Knight)          Turns: 1093, Time: 00:03:39

Health: 0/29       AC:  5    Str: 12    XL:     3   Next: 57%
Magic:  3/3        EV: 11    Int: 12    God:    Xom [..*...]
Gold:   59         SH:  0    Dex: 14    Spells: 2/2 levels left

rFire   . . .      SeeInvis .   a - +0 spear (chaos)
rCold   . . .      Faith    .   (no shield)
rNeg    . . .      Spirit   .   b - +2 leather armour
rPois   .          Reflect  .   (no helmet)
rElec   .          Harm     .   (no cloak)
rCorr   .          Rampage  .   (no gloves)
Will    .....                   (no boots)
Stlth   +.........              (no amulet)
HPRegen 0.09/turn               (no ring)
MPRegen 0.08/turn               (no ring)

@: no status effects
A: no striking features
a: Renounce Religion


You were on level 2 of the Dungeon.
You worshipped Xom.
You were a toy of Xom.
You visited 1 branch of the dungeon, and saw 2 of its levels.

You collected 59 gold pieces.

Inventory:

Hand Weapons
 a - a +0 spear of chaos (weapon)
 l - a +0 hand axe
Missiles
 g - 3 poisoned darts
 h - 5 javelins
 n - 12 stones
Armour
 b - a +2 leather armour (worn)
 e - a +0 ring mail
Jewellery
 k - a ring of wizardry
Scrolls
 f - a scroll of immolation {unknown}
 m - 3 scrolls of identify {unknown}
 o - a scroll of poison {unknown}
 p - a scroll of amnesia {unknown}
 q - a scroll of silence {unknown}
Potions
 d - 2 potions of brilliance {unknown}
 i - a potion of attraction {unknown}
 j - a potion of might {unknown}
Miscellaneous
 c - a piece from Xom's chessboard (15/15) (quivered)


   Skills:
 + Level 3.5 Fighting
 + Level 3.7 Polearms
 + Level 2.1 Armour
 + Level 1.1 Dodging


You had 2 spell levels left.
You didn't know any spells.
Your spell library was empty.

Dungeon Overview and Level Annotations

Branches:
Dungeon (2/15)

Altars:


Message History

A worm comes into view.
Found a scroll labelled JEAQAKHLO MYSI.
The worm bites you.
You see here a scroll labelled JEAQAKHLO MYSI.
q - a scroll labelled JEAQAKHLO MYSI You barely miss the worm.
The worm bites you.
You hit the worm.
The worm is lightly wounded.
You hit the worm.
The worm flickers and vanishes!
Deactivating autopickup; reactivate with Ctrl-A.
Something barely misses you.
You hit something but do no damage. You hit something.
You feel better. Something bites you!
You hit something. You freeze something. You hit something.
Nothing appears to happen.
Something bites you but does no damage.
You hit something but do no damage.
A giant cockroach comes into view.
The giant cockroach closely misses you.
The giant cockroach bites you but does no damage.
You hit the giant cockroach.
The giant cockroach is heavily wounded.
The giant cockroach closely misses you.
You hit the giant cockroach but do no damage.
The giant cockroach is heavily wounded.
The giant cockroach barely misses you.
You hit the giant cockroach but do no damage.
The giant cockroach is heavily wounded.
The giant cockroach barely misses you. Something bites you!
You hit the giant cockroach.
You kill the giant cockroach!
You start resting.
Something bites you but does no damage.
Unknown command.
You hit something but do no damage. Something bites you!
* * * LOW HITPOINT WARNING * * *
You barely miss something. You closely miss something.
Something bites you but does no damage.
You closely miss something. Something bites you.
You die... "Boring in life, boring in death..."

### #..
#.#### .#
#.##.. .. #
.# #.....
.#.# ...#
#.##{# .#.#
....
#.##.##...
.<..
#@{.....# #
# #
#.##.#..#.#
#.#
#.........#
#..
######.####
#.# #.# #.#
##.# ..#..
#..# ......
#.## ......
#.# ......


There were no monsters in sight!

Vanquished Creatures
  A dart slug (D:1)
  2 ball pythons (D:1)
  3 bats
  4 endoplasms
  3 giant cockroaches
  2 goblins (D:1)
  2 hobgoblins (D:2)
  4 jackals (D:1)
  4 kobolds (D:2)
  A quokka (D:1)
  2 rats (D:1)
28 creatures vanquished.

Notes
Turn   | Place    | Note
-------+----------+-------------------------------------------
     0 | D:1      | masschaos23 the Human Chaos Knight began the quest for the
                  | Orb.
     0 | D:1      | Reached XP level 1. HP: 18/18 MP: 1/1
    44 | D:1      | Found a faded altar of an unknown god.
    49 | D:1      | XOM: potion effect (curing)
    62 | D:1      | Reached XP level 2. HP: 23/24 MP: 2/2
    72 | D:1      | XOM: silly message
   110 | D:1      | XOM: divination: detect creatures
   251 | D:1      | Reached XP level 3. HP: 23/29 MP: 3/3
   265 | D:1      | XOM: silly message
   446 | D:1      | XOM: divination: magic mapping
   531 | D:1      | XOM: god gift: 4 stones
   834 | D:2      | XOM: divination: detect creatures
  1027 | D:2      | XOM: noise
  1093 | D:2      | Slain by a worm

Illustrated notes

Levels and vault maps discovered:
D:1:      dpeg_arrival_tiny_a, layout_rooms,
          hellmonk_ecumenical_altar_dog_temple
D:2:      layout_loops_cross, nicolae_concentric_dashed_squares_wild,
          minmay_misc_feat_five, minmay_randomly_rotated_circles, uniq_jessica

Action                   || total
-------------------------++-------
Melee: Spear             ||    87
       Punch             ||     2
 Stab: Paralysed         ||     2
Armor: Leather armour    ||    31
Dodge: Dodged            ||    63
